 Dungeon Crawl Stone Soup version 0.29.1-2-gbd0b4ee654 (webtiles) character file.

Game seed: 4699789253040623598

13 sanboga the Trooper (level 2, -3/36 HPs)
             Began as a Demonspawn Berserker on Nov 29, 2022.
             Was a Follower of Trog.
             Slain by a gnoll
             ... wielding a +0 flail
              (10 damage)
             ... on level 2 of the Dungeon.
             The game lasted 00:00:18 (164 turns).

sanboga the Trooper (Demonspawn Berserker)           Turns: 164, Time: 00:00:18

Health: -3/36      AC:  4    Str: 17    XL:     2   Next: 24%
Magic:  2/2        EV: 12    Int:  8    God:    Trog [*.....]
Gold:   0          SH:  0    Dex: 12    Spells: 1/1 levels left

rFire   . . .      SeeInvis .   a - +0 mace
rCold   . . .      Faith    .   (no shield)
rNeg    . . .      Spirit   .   b - +0 animal skin
rPois   .          Reflect  .   (no helmet)
rElec   .          Harm     .   (no cloak)
rCorr   .          Rampage  .   (no gloves)
Will    .....                   (no boots)
Stlth   ..........              (no amulet)
HPRegen 0.12/turn               (no ring)
MPRegen 0.08/turn               (no ring)

@: berserking, very quick
A: slimy green scales 1
a: Renounce Religion, Berserk


You were on level 2 of the Dungeon.
You worshipped Trog.
Trog was aware of your devotion.
You visited 1 branch of the dungeon, and saw 2 of its levels.

Inventory:

Hand Weapons
 a - a +0 mace (weapon)
Armour
 b - a +0 animal skin (worn)


   Skills:
 + Level 3.2 Fighting
 * Level 3.0 Maces & Flails
 + Level 2.0 Armour
 - Level 1.7 Dodging


You had one spell level left.
You didn't know any spells.
Your spell library was empty.

Dungeon Overview and Level Annotations

Branches:
Dungeon (1/15)

Altars:


Innate Abilities, Weirdness & Mutations

You are partially covered in slimy green scales. (AC +2)


Message History

The gnoll barely misses you.
You hit the gnoll.
The gnoll is moderately wounded.
You hit the gnoll but do no damage.
The gnoll is moderately wounded.
The gnoll barely misses you. The gnoll misses you.
You barely miss the gnoll.
The gnoll is moderately wounded.
The gnoll barely misses you.
You hit the gnoll but do no damage.
The gnoll is moderately wounded.
The gnoll hits you with a +0 flail!
You sock the gnoll!
The gnoll is almost dead.
The gnoll hits you with a +0 flail.
You are too injured to fight recklessly!
You are too injured to fight recklessly!
You are too injured to fight recklessly!
You are too injured to fight recklessly!
You are too injured to fight recklessly!
You are too injured to fight recklessly!
You are too injured to fight recklessly!
You are too injured to fight recklessly!
You hit the gnoll.
The gnoll is almost dead.
The gnoll misses you. The gnoll closely misses you.
You thump the gnoll!
You kill the gnoll!
Trog accepts your kill.
Your Maces & Flails skill increases to level 3!
Your Armour skill increases to level 2!
You have reached level 2!
Your demonic ancestry asserts itself...
Slimy green scales grow over part of your body.
A red film seems to cover your vision as you go berserk!
You feel yourself moving faster!
You feel mighty!
The gnoll hits you from afar with a +0 spear!
* * * LOW HITPOINT WARNING * * *
The gnoll hits you with a +0 flail!
You die...

### ..# #.#
#g# #######
#g# #.....#
#@######.###.#
#..........#.#
########.#.#.#
#.....#
###.### #.#
#.# #.# #.#


You could see 2 gnolls.

Vanquished Creatures
  A gnoll (D:2)
  A bat (D:1)
  A ball python (D:2)
  A kobold (D:1)
4 creatures vanquished.

Notes
Turn   | Place    | Note
-------+----------+-------------------------------------------
     0 | D:1      | sanboga the Demonspawn Berserker began the quest for the
                  | Orb.
     0 | D:1      | Reached XP level 1. HP: 18/18 MP: 1/1
   135 | D:1      | You fall into a shaft and drop 1 floor!
   164 | D:2      | Gained mutation: You are partially covered in slimy green
                  | scales. (AC +2) [demonic ancestry]
   164 | D:2      | Reached XP level 2. HP: 9/24 MP: 2/2
   164 | D:2      | Slain by a gnoll

Illustrated notes

Levels and vault maps discovered:
D:1:      lightli_arrival_noodles, layout_loops_corners, minivault_24,
          roderic_lattice_a
D:2:      layout_loops_ring, amcnicky_mini_rare_corridor_liquid,
          uniq_crazy_yiuf_cottage

Skill      XL: |  1 |
---------------+----+-----
Maces & Flails | 3 |  3.0
Armour         | 2 |  2.0
Fighting       | |  3.2
Dodging        | |  1.7

Action                   || total
-------------------------++-------
Melee: Mace              ||    11
Invok: Berserk           ||     1
Armor: Animal skin       ||     1
Dodge: Dodged            ||     7
